 Dungeon Crawl Stone Soup version 0.27-a0-25-g087482e4d5 (webtiles) character file.

Game seed: 16755324969415966856

3540 Grizvalidir the Geomancer (level 10, -1/47 HPs)
             Began as a Gargoyle Earth Elementalist on Jan 3, 2021.
             Was a Follower of Vehumet.
             Killed from afar by a starcursed mass (9 damage)
             ... with an accursed screaming
             ... on level 2 of the Abyss.
             The game lasted 00:18:44 (7586 turns).

Grizvalidir the Geomancer (GrEE)                    Turns: 7586, Time: 00:18:45

Health: -1/47      AC: 17    Str: 11    XL:     10   Next: 8%
Magic:  14/21      EV: 12    Int: 20    God:    Vehumet [*.....]
Gold:   25         SH:  0    Dex: 10    Spells: 14/23 levels left

rFire    + . .     SeeInvis .   (no weapon)
rCold    . . .     Faith    .   (no shield)
rNeg     + . .     Spirit   .   g - +0 leather armour (curse)
rPois    ∞         Reflect  .   w - +1 helmet
rElec    +         Harm     .   (no cloak)
rCorr    +         Rampage  .   i - +2 pair of gloves
Will     .....                  f - +2 pair of boots "Quliruga" {rF+}
Stlth    ++........             (no amulet)
HPRegen  0.15/turn              A - ring of resist corrosion
MPRegen  0.17/turn              (no ring)

@: about to teleport, studying 2 skills
A: [deformed body], [frail 1], negative energy resistance 1, [screaming 3],
electricity resistance, unbreathing, petrification resistance, [no potion heal
2], miasma immunity, AC +7
a: Renounce Religion


You were on level 2 of the Abyss.
You worshipped Vehumet.
Vehumet was aware of your devotion.
You visited 2 branches of the dungeon, and saw 8 of its levels.
You visited the Abyss 1 time.

You collected 367 gold pieces.
You spent 342 gold pieces at shops.

Inventory:

Hand Weapons
 l - a +3 short sword of protection
 o - a +2 great mace of protection
 r - a +0 trident of freezing
 u - a +0 flail
 C - a +5 morningstar of freezing
Missiles
 b - 126 stones (quivered)
Armour
 c - a +0 robe
 f - the +2 pair of boots "Quliruga" (worn) {rF+}
   (You bought it in a shop on level 5 of the Dungeon)

   It protects you from fire.
 g - a cursed +0 leather armour (worn)
 i - a +2 pair of gloves (worn)
 w - a +1 helmet (worn)
Jewellery
 A - a ring of resist corrosion (left hand)
Wands
 k - a wand of enslavement (4)
 q - a wand of digging (4)
 s - a wand of random effects (25)
 I - a wand of polymorph (8)
Scrolls
 h - 2 scrolls of enchant weapon
 j - 5 scrolls of teleportation
 n - 4 scrolls of remove curse
 y - a scroll of blinking
Potions
 a - 2 potions of lignification
 d - a potion of ambrosia
 e - 2 potions of cancellation
 m - 2 potions of berserk rage
 p - 2 potions of heal wounds {unknown}
 t - a potion of curing
 v - a potion of magic {unknown}
 x - 3 potions of haste
 z - 3 potions of might {unknown}
 F - a potion of brilliance {unknown}
 H - a potion of flight {unknown}
Books
 D - a manual of Dodging
 E - a manual of Conjurations


   Skills:
 + Level 2.0 Fighting
 + Level 1.8 Maces & Flails
 + Level 2.2 Armour
 + Level 2.9 Dodging
 - Level 2.1 Stealth
 + Level 7.3 Spellcasting
 + Level 9.4 Conjurations
 - Level 0.7 Transmutations
 + Level 9.9 Earth Magic
 + Level 1.7 Evocations


You had 14 spell levels left.
You knew the following spells:

 Your Spells              Type           Power        Failure   Level
a - Sandblast             Erth           94%          1%          1
b - Stone Arrow           Conj/Erth      92%          1%          3
c - Lee's Rapid Deconstr  Erth           23%          5%          5

Your spell library contained the following spells:

 Spells                   Type           Power        Failure   Level
 Freeze                   Ice            28%          12%         1
 Passwall                 Tmut/Erth      23%          1%          2
 Petrify                  Tmut/Erth      28%          13%         4


Dungeon Overview and Level Annotations

Branches:
Dungeon (7/15)             Temple (1/1) D:5

Altars:
Cheibriados
Dithmenos
Fedhas
Gozag
Kikubaaqudgha
Makhleb
Okawaru
Qazlal
Ru
Uskayaw
Vehumet
Wu Jian
Xom
Yredelemnul
Zin
The Shining One

Shops:
D:5 [   D:6 :


Innate Abilities, Weirdness & Mutations

You are resistant to torment.
Your stone body is resilient. (AC +7)
You are immune to poison.
You resist negative energy. (rN+)
You are resistant to electric shocks. (rElec)
You can survive without breathing.
You are immune to petrification.
You are immune to miasma.
[Armour fits poorly on your strangely shaped body.]
[You are frail. (-10% HP)]
[You frequently scream uncontrollably at your foes.]
[Potions are poor at restoring your health.]


Message History

A starcursed mass splits.
A starcursed mass splits.
A starcursed mass splits.
A deafening chorus of shrieks assaults your mind!
* * * LOW HITPOINT WARNING * * *
Unknown command.
Unknown command.
Your system partially rejects the healing.
You feel better.
The orange demon screeches!
Unknown command.
Your magical contamination has completely faded away.
A chorus of shrieks assaults your mind.
* * * LOW HITPOINT WARNING * * *
Unknown command.
Unknown command.
Your system partially rejects the healing.
You feel better. A chorus of shrieks assaults your mind.
You die...

#... .....#...
..#.# #....#
#..#..X... .#
#.X.....#.#.
≈##.###X#.....#
##.#..#......#
#.###X....#...
###..XX.....###.
#.@.###...###
#.#.# ##....#
#.#....#####.#
#...§.# ..#
#.##.#.# ## ..
.### .. #§ .. .#


You could see 4 starcursed masses.

Vanquished Creatures
  A glowing orange brain (Abyss:2)
  Grinder (D:4)
  The ghost of mokwee the Stinger, an amateur OpVM (D:4)
  Menkaure (D:4)
  An orc warrior (D:7)
  An ice beast (D:5)
  3 ogres
  2 sky beasts
  3 phantoms
  2 bullfrogs (D:6)
  A howler monkey (D:6)
  5 wights
  2 starcursed masses (Abyss:2)
  2 jellies
  3 bullfrog skeletons
  A hound (D:6)
  6 orc wizards
  5 orc priests
  6 worker ants
  A hound zombie (D:7)
  A hound skeleton (D:5)
  A howler monkey zombie (D:5)
  A worker ant zombie (D:7)
  13 gnolls
  8 adders
  A shadow imp (D:4)
  2 white imps
  An ooze (D:3)
  2 adder zombies
  3 worms
  A dart slug (D:1)
  5 leopard geckos
  21 orcs
  8 bats
  7 giant cockroaches
  7 goblins
  7 hobgoblins
  3 jackals (D:6)
  2 quokkas
  12 frilled lizards
  9 kobolds
  4 rats
167 creatures vanquished.

Vanquished Creatures (others)
  An adder (D:6)
  An orc (D:7)
  A giant cockroach (D:6)
  2 starspawn tentacles (Abyss:2)
5 creatures vanquished.

Grand Total: 172 creatures vanquished

Notes
Turn   | Place    | Note
-------+----------+-------------------------------------------
     0 | D:1      | Grizvalidir the Gargoyle Earth Elementalist began the quest
                  | for the Orb.
     0 | D:1      | Reached XP level 1. HP: 10/10 MP: 3/3
   160 | D:1      | Reached XP level 2. HP: 15/15 MP: 5/5
   903 | D:1      | Reached XP level 3. HP: 18/19 MP: 6/6
   907 | D:1      | Learned a level 3 spell: Stone Arrow
  1314 | D:2      | Reached skill level 1 in Conjurations
  1510 | D:2      | Reached XP level 4. HP: 24/24 MP: 4/8
  1566 | D:2      | Found a glowing golden altar of the Shining One.
  1846 | D:2      | Reached skill level 5 in Earth Magic
  2159 | D:3      | Reached XP level 5. HP: 28/28 MP: 5/9
  2350 | D:3      | Reached XP level 6. HP: 19/32 MP: 11/11
  3164 | D:3      | Learned a level 5 spell: Lee's Rapid Deconstruction
  3667 | D:4      | Found a transporter.
  3670 | D:4      | Found a transporter.
  3671 | D:4      | Noticed a phantom
  3688 | D:4      | Noticed Grinder
  3692 | D:4      | Reached XP level 7. HP: 36/36 MP: 8/13
  3698 | D:4      | Killed Grinder
  3718 | D:4      | Found an ancient bone altar of Kikubaaqudgha.
  3721 | D:4      | Noticed Menkaure
  3729 | D:4      | Found a basalt altar of Yredelemnul.
  4042 | D:4      | Noticed mokwee's ghost (amateur OpVM)
  4044 | D:4      | Found a runed translucent door.
  4058 | D:4      | Killed mokwee's ghost
  4059 | D:4      | Reached skill level 5 in Spellcasting
  4059 | D:4      | Reached skill level 5 in Conjurations
  4059 | D:4      | Reached XP level 8. HP: 41/41 MP: 9/15
  4382 | D:5      | Entered Level 5 of the Dungeon
  4439 | D:5      | Found a staircase to the Ecumenical Temple.
  4453 | Temple   | Entered the Ecumenical Temple
  4490 | Temple   | Became a worshipper of Vehumet
  4544 | D:5      | Found Bestorog's Armour Shoppe.
  5064 | D:5      | Got a polished quarterstaff
  5064 | D:5      | Identified the +3 quarterstaff of Valiance {distort, Dex+3}
                  | (You found it on level 5 of the Dungeon)
  5265 | D:4      | Killed Menkaure
  5391 | D:6      | Found a shimmering altar of Xom.
  5423 | D:6      | Reached XP level 9. HP: 44/45 MP: 18/18
  5440 | D:6      | Found Liacolik's Book Boutique.
  5481 | D:6      | Reached * piety under Vehumet
  5481 | D:6      | Offered knowledge of Freeze by Vehumet.
  5694 | D:6      | Found a shadowy altar of Dithmenos.
  6705 | D:7      | Found a hide-covered altar of Uskayaw.
  6992 | D:7      | Reached skill level 1 in Fighting
  6992 | D:7      | Reached skill level 1 in Maces & Flails
  6992 | D:7      | Reached skill level 1 in Armour
  6992 | D:7      | Reached skill level 1 in Evocations
  7362 | D:5      | Bought the +2 pair of boots "Quliruga" {rF+} for 342 gold
                  | pieces
  7374 | D:5      | Cast into level 2 of the Abyss (unwielding a weapon of
                  | distortion)
  7399 | Abyss:2  | Noticed a tentacled starspawn
  7406 | Abyss:2  | Noticed a wretched star
  7511 | Abyss:2  | Found a corrupted altar of Lugonu.
  7528 | Abyss:2  | Noticed a glowing orange brain
  7532 | Abyss:2  | Killed a glowing orange brain
  7533 | Abyss:2  | Reached XP level 10. HP: 42/42 MP: 15/20
  7548 | Abyss:2  | Noticed a tentacled starspawn
  7557 | Abyss:2  | Noticed a starcursed mass
  7557 | Abyss:2  | Found a corrupted altar of Lugonu.
  7564 | Abyss:2  | Paralysed by accursed screaming for 1 turns
  7568 | Abyss:2  | Paralysed by accursed screaming for 1 turns
  7571 | Abyss:2  | Killed a starcursed mass
  7573 | Abyss:2  | Noticed a cacodemon
  7573 | Abyss:2  | Noticed an orange demon
  7573 | Abyss:2  | Noticed an orange demon
  7586 | Abyss:2  | Killed from afar by a starcursed mass

Illustrated notes

Levels and vault maps discovered:
D:1:      scummos_arrival_checkerplants, layout_basic, minmay_split_cup_small
D:2:      layout_rooms, tso_altar
D:3:      layout_loops_corners
D:4:      layout_cave_pools, gammafunk_temple_of_torment,
          hellmonk_ghost_happy_afterlife, uniq_grinder
D:5:      layout_gridville, minmay_temple_entry_glass, serial_shops, shop,
          minmay_misc_feat_rows
D:6:      layout_gridville, xom_confusion_cloud, basic_altar, serial_shops,
          nicolae_shop_statue_plus, st_stairs_7
D:7:      layout_cave_pods, marbit_many_paths, hex_large
Temple:   minmay_temple_bridge_abc
Abyss:2:  base: D:1, hangedman_abyss_batty_box

Skill      XL: |  1  2  3  4  5  6  7  8  9 10 |
---------------+-------------------------------+-----
Earth Magic    | 4 5 6 7 8 9 |  9.9
Conjurations   | 1 2 3 5 7 9 |  9.4
Spellcasting   | 3 4 5 6 7 |  7.3
Dodging        | 2 |  2.9
Fighting       | 1 2 |  2.0
Maces & Flails | 1 |  1.8
Armour         | 2 |  2.2
Evocations     | 1 |  1.7
Stealth        | |  2.1
Transmutations | |  0.7

Action                   |  1- 3 |  4- 6 |  7- 9 | 10-12 || total
-------------------------+-------+-------+-------+-------++-------
Melee: Spear             |    31 |       |       |       ||    31
       Short sword       |    53 |   156 |    44 |       ||   253
       Quarterstaff      |       |       |   120 |       ||   120
 Cast: Sandblast         |    29 |    49 |    48 |       ||   126
       Stone Arrow       |       |     1 |       |       ||     1
       Lee's Rapid Decon |       |       |     9 |     1 ||    10
Evoke: Wand              |       |       |     3 |       ||     3
  Use: Potion            |     1 |       |     1 |     2 ||     4
       Scroll            |       |     9 |    11 |     1 ||    21
 Stab: Sleeping          |     2 |     2 |     1 |       ||     5
       Distracted        |       |       |     1 |       ||     1
Armor: Robe              |    33 |    79 |    15 |       ||   127
       Leather armour    |       |       |   115 |       ||   115
Dodge: Dodged            |    76 |   116 |   131 |       ||   323

Table legend: (Time is in decaauts)
 A = Elapsed time spent in this place.
 B = Non-inter-level travel time spent in this place.
 C = Inter-level travel time spent in this place.
 D = Time resting spent in this place.
 E = Time spent auto-exploring this place.
 F = Levels seen in this place.
 G = Mean time per level.
                   A        B        C        D        E       F      G
               +--------+--------+--------+--------+--------+-----+--------+
         Total |   7658 |   7295 |    363 |   1463 |   4104 |   9 |  850.9 |
       Dungeon |   7386 |   7044 |    342 |   1378 |   4063 |   7 | 1055.1 |
        Temple |     58 |     37 |     21 |      0 |     22 |   1 |   58.0 |
         Abyss |    212 |    212 |      0 |     85 |     19 |   1 |  212.0 |
               +--------+--------+--------+--------+--------+-----+--------+

Top non-repeatable levels by time:
     D:3: 1382 daAuts
     D:2: 1106 daAuts
     D:7: 1050 daAuts
     D:1: 1029 daAuts
     D:4: 1027 daAuts
     D:6: 958 daAuts
     D:5: 831 daAuts
 Abyss:2: 212 daAuts
  Temple: 58 daAuts
